 Dungeon Sprint DCSS version 0.27-a0-1273-gec92ba881d (webtiles) character file.

Game seed: 6812176839647488362

140 mhtbhm the Skirmisher (level 5, -1/47 HPs)
             Began as a Demonspawn Berserker on June 11, 2021.
             Was a Believer of Trog.
             Killed from afar by an oklob sapling wizard (8 damage)
             ... with a splash of acid
             ... in the Dungeon (Sprint IV: "Fedhas' Mad Dash").
             The game lasted 00:00:36 (585 turns).

mhtbhm the Skirmisher (Demonspawn Berserker)         Turns: 585, Time: 00:00:36

Health: -1/47      AC: -1    Str: 19    XL:     5   Next: 2%
Magic:  0/5        EV: 13    Int:  8    God:    Trog [**....]
Gold:   33         SH:  0    Dex: 12    Spells: 4/4 levels left

rFire    . . .     SeeInvis .   a - +0 falchion
rCold    . . .     Faith    .   (no shield)
rNeg     . . .     Spirit   +   b - +0 animal skin
rPois    .         Reflect  .   (no helmet)
rElec    .         Harm     .   (no cloak)
rCorr    .         Rampage  .   (no gloves)
Will     .....     NoTele   +   (no boots)
Stlth    ++........             j - amulet of invisibility {+Inv}
HPRegen  0.15/turn              (no ring)
MPRegen  0.18/turn              (no ring)

@: corroded, on berserk cooldown, slowed, very slow
A: ignite blood 1, magic shield, magic regeneration
a: Renounce Religion, Evoke Invisibility, Berserk, Trog's Hand


You were in the Dungeon.
You worshipped Trog.
Trog was pleased with you.
You visited 1 branch You collected 33 gold pieces.

Inventory:

Hand Weapons
 a - a +0 falchion (weapon)
Armour
 b - a +0 animal skin (worn)
Jewellery
 j - the amulet of invisibility (around neck) {+Inv}
   (You found it in the Dungeon)

   [amulet of nothing]

   It lets you turn invisible.
Scrolls
 h - a scroll of blinking
Potions
 c - a potion of curing
 d - a potion of heal wounds
 e - a potion of haste
 f - 2 potions of magic
 g - a potion of berserk rage
 i - a potion of flight {unknown}
 k - a potion of lignification {unknown}


   Skills:
 + Level 6.5 Fighting
 + Level 6.4 Long Blades
 + Level 3.2 Armour
 + Level 3.5 Dodging
 + Level 1.8 Stealth
 + Level 0.5 Evocations


You had 4 spell levels left.
You didn't know any spells.
Your spell library was empty.

Dungeon Overview and Level Annotations

Branches:
Dungeon (1/1)

Altars:
Cheibriados
Dithmenos
Elyvilon
Gozag
Hepliaklqana
Kikubaaqudgha
Makhleb
Nemelex Xobeh
Okawaru
Qazlal
Ru
Sif Muna
Trog
Uskayaw
Vehumet
Wu Jian
Xom
Yredelemnul
Zin
The Shining One
Beogh
Jiyva
Lugonu

Annotations:
D exclusion: oklob sapling


Innate Abilities, Weirdness & Mutations

Your demonic aura sometimes causes spilled blood to erupt in flames.
When hurt, damage is shared between your health and your magic reserves.
You regenerate magic rapidly.


Message History

You feel yourself slow down.
You hit the oklob sapling wizard but do no damage.
The oklob sapling wizard is lightly damaged.
Unknown command.
You hit the oklob sapling wizard but do no damage.
The oklob sapling wizard is lightly damaged.
The oklob sapling wizard begins to cast a cantrip, but forgets the words!
The oklob sapling wizard looks braver for a moment.
Unknown command.
You hit the oklob sapling wizard but do no damage.
The oklob sapling wizard is lightly damaged.
The oklob sapling wizard begins to cast a cantrip, but forgets the words!
Unknown command.
You hit the oklob sapling wizard.
The oklob sapling wizard is moderately damaged.
Unknown command.
You hit the oklob sapling wizard but do no damage.
The oklob sapling wizard is moderately damaged.
Unknown command.
You hit the oklob sapling wizard but do no damage.
The oklob sapling wizard is moderately damaged.
The oklob sapling wizard stares at you and mumbles some strange words.
The magic dart hits you!
The oklob sapling wizard spits acid at you.
The splash of acid hits you! The acid corrodes you!
You are splashed with acid!
* * * LOW HITPOINT WARNING * * *
You hit the oklob sapling wizard.
The oklob sapling wizard is severely damaged.
Unknown command.
You hit the oklob sapling wizard but do no damage.
The oklob sapling wizard is severely damaged.
The oklob sapling wizard stares at you and mumbles some strange words.
The magic dart hits you!
* * * LOW HITPOINT WARNING * * *
Unknown command.
You hit the oklob sapling wizard.
The oklob sapling wizard is severely damaged.
The oklob sapling wizard spits acid at you.
The splash of acid hits you!
You die...

###################
.#.⌠._._._._.⌠.#.[+
.'.._._._._._..'@P#
.#..._._._._...#..#
##.._._._._._..#.$#
#._._._._._.⌠.####
###############


You could see an oklob sapling wizard.

Vanquished Creatures
  A scorpion (D)
  2 oklob saplings (D)
  A river rat (D)
  A rat (D)
5 creatures vanquished.

Notes
Turn   | Place    | Note
-------+----------+-------------------------------------------
     0 | D        | mhtbhm the Demonspawn Berserker began the quest for the
                  | Orb.
     0 | D        | Reached XP level 1. HP: 18/18 MP: 1/1
     8 | D        | Gained mutation: You regenerate magic rapidly. [demonic
                  | ancestry]
     8 | D        | Reached XP level 2. HP: 25/25 MP: 2/2
   147 | D        | Noticed an oklob sapling
   148 | D        | Killed an oklob sapling
   148 | D        | Reached ** piety under Trog
   149 | D        | Gained mutation: When hurt, damage is shared between your
                  | health and your magic reserves. [demonic ancestry]
   149 | D        | Reached XP level 3. HP: 32/32 MP: 3/3
   288 | D        | Noticed a scorpion
   289 | D        | Found the amulet of invisibility {+Inv}
   292 | D        | Killed a scorpion
   293 | D        | Reached skill level 5 in Fighting
   293 | D        | Reached skill level 5 in Long Blades
   293 | D        | Reached skill level 1 in Stealth
   293 | D        | Gained mutation: Your demonic aura sometimes causes spilled
                  | blood to erupt in flames. [demonic ancestry]
   293 | D        | Reached XP level 4. HP: 35/40 MP: 2/4
   454 | D        | Found an opulent altar of Gozag.
   454 | D        | Found a hazy altar of Hepliaklqana.
   454 | D        | Found a burning altar of Makhleb.
   454 | D        | Found a sparkling altar of Nemelex Xobeh.
   454 | D        | Found a snail-covered altar of Cheibriados.
   454 | D        | Found a sacrificial altar of Ru.
   454 | D        | Found a shimmering blue altar of Sif Muna.
   454 | D        | Found a shimmering altar of Xom.
   454 | D        | Found a basalt altar of Yredelemnul.
   466 | D        | Found a viscous altar of Jiyva.
   466 | D        | Found a bloodstained altar of Trog.
   466 | D        | Found an ornate altar of the Wu Jian Council.
   467 | D        | Found an iron altar of Okawaru.
   467 | D        | Found a shadowy altar of Dithmenos.
   468 | D        | Found an ancient bone altar of Kikubaaqudgha.
   468 | D        | Found a hide-covered altar of Uskayaw.
   469 | D        | Found a stormy altar of Qazlal.
   470 | D        | Found a corrupted altar of Lugonu.
   470 | D        | Found a radiant altar of Vehumet.
   480 | D        | Reached XP level 5. HP: 47/47 MP: 5/5
   585 | D        | Killed from afar by an oklob sapling wizard

Illustrated notes

Levels and vault maps discovered:
D:        dungeon_sprint_fedhas [sprint_temple]

Skill      XL: |  1  2  3  4 |
---------------+-------------+-----
Fighting       | 4 5 6 |  6.5
Long Blades    | 3 4 5 6 |  6.4
Armour         | 2 3 |  3.2
Dodging        | 2 3 |  3.5
Stealth        | 1 |  1.8
Evocations     | |  0.5

Action                   |  1- 3 |  4- 6 || total
-------------------------+-------+-------++-------
Melee: Falchion          |     9 |    17 ||    26
Invok: Berserk           |     3 |     2 ||     5
 Abil: Evoke Invisibilit |       |     1 ||     1
 Stab: Invisible         |       |     1 ||     1
       Sleeping          |       |     1 ||     1
Armor: Animal skin       |     1 |       ||     1
Dodge: Dodged            |     4 |       ||     4
       Rpst.: Falchion   |     2 |       ||     2

Table legend: (Time is in decaauts)
 A = Elapsed time spent in this place.
 B = Non-inter-level travel time spent in this place.
 C = Inter-level travel time spent in this place.
 D = Time resting spent in this place.
 E = Time spent auto-exploring this place.
 F = Levels seen in this place.
 G = Mean time per level.
                   A        B        C        D        E       F      G
               +--------+--------+--------+--------+--------+-----+--------+
         Total |    623 |    623 |      0 |    528 |      3 |   1 |  623.0 |
       Dungeon |    623 |    623 |      0 |    528 |      3 |   1 |  623.0 |
               +--------+--------+--------+--------+--------+-----+--------+

Top non-repeatable levels by time:
       D: 623 daAuts
